 Dungeon Crawl Stone Soup version 0.31-a0-986-g5e6e4ef867 (webtiles) character file.

Game seed: 14738345748247265906

41498 Whiskey the Mimic (level 13, -6/124 HPs)
             Began as a Troll Shapeshifter on Nov 6, 2023.
             Was an Elder of Qazlal.
             Mangled by a 13-headed hydra (13 damage)
             ... on level 3 of the Lair of Beasts.
             The game lasted 00:36:26 (16132 turns).

Whiskey the Mimic (Troll Shapeshifter)             Turns: 16132, Time: 00:36:26

Health: -6/124     AC: 11    Str: 28    XL:     13   Next: 80%
Magic:  14/18      EV: 12    Int: 13    God:    Qazlal [****..]
Gold:   1068       SH: 21    Dex: 10    Spells: 12/12 levels left

rFire   + .          .
                       - Unarmed
rCold   . . .        V - +1 tower shield {AC+3}
rNeg    . . .        X - +0 acid dragon scales
rPois   +            (helmet currently unavailable)
rElec   .            (cloak currently unavailable)
rCorr   +            (gloves unavailable)
SInv    .            (boots unavailable)
Will    .....        O - amulet of the acrobat
Stlth   +            q - ring "Qorey" {EV+5 Int+3 Dex+4}
HPRegen 1.20/turn    N - ring "Isanues" {rPois rF+ Str+3 Dex-3}
MPRegen 0.16/turn

%: repel missiles, acrobat
@: beast-form
A: beast (slay +4), large, unfitting armour, claws 3, regeneration 1, shaggy fur
1, tough skin 1
a: Begin Untransformation, Renounce Religion, Upheaval, Elemental Force


You were on level 3 of the Lair of Beasts.
You worshipped Qazlal.
Qazlal was greatly pleased with you.
You were a hulking beast.
You visited 3 branches of the dungeon, and saw 17 of its levels.
You also visited: Sewer and Ossuary.

You collected 1519 gold pieces.
You spent 451 gold pieces at shops.

Inventory:

Missiles
 h - 23 large rocks {!d}
 x - 2 throwing nets {=f, !d}
 I - 14 poisoned darts
 P - 4 curare-tipped darts
Armour
 d - a +0 robe
   (You took it off a naga on level 2 of the Lair of Beasts)
 e - a +0 robe
   (You took it off a naga on level 2 of the Lair of Beasts)
 t - the +1 robe of Xikitusk {rElec rN+ MP+9 Stlth+}
   (You bought it in a shop on level 8 of the Dungeon)

   rElec:     It insulates you from electricity.
   rN+:       It protects you from negative energy.
   MP+9:      It affects your magic capacity (+9).
   Stlth+:    It makes you more stealthy.
 L - a +2 robe of cold resistance
   (You took it off Fannar on level 12 of the Dungeon)
 U - a +0 troll leather armour {regen}
   (You found it on level 12 of the Dungeon)
 V - a +1 tower shield of protection (worn)
   (You bought it in a shop on level 8 of the Dungeon)
 X - +0 acid dragon scales (worn)
   (You found it on level 12 of the Dungeon)
Jewellery
 q - the ring "Qorey" (left claw) {EV+5 Int+3 Dex+4}
   (You found it on level 2 of the Lair of Beasts)

   [ring of evasion]

   EV+5:      It affects your evasion (+5).
   Int+3:     It affects your intelligence (+3).
   Dex+4:     It affects your dexterity (+4).
 F - a ring of willpower
   (You found it on level 6 of the Dungeon)
 K - a +6 ring of intelligence
   (You found it on level 9 of the Dungeon)
 M - a ring of ice {rC+, rF-}
   (You took it off Fannar on level 12 of the Dungeon)
 N - the ring "Isanues" (right claw) {rPois rF+ Str+3 Dex-3}
   (You took it off a gnoll on level 7 of the Dungeon)

   [ring of protection from fire]

   Str+3:     It affects your strength (+3).
   Dex-3:     It affects your dexterity (-3).
   rF+:       It protects you from fire.
   rPois:     It protects you from poison
 O - an amulet of the acrobat (around neck)
   (You found it on level 7 of the Dungeon)
 Q - a ring of resist corrosion
   (You found it on level 11 of the Dungeon)
Talismans
 c - a beast talisman (active)
Wands
 n - a wand of roots (33)
   (You found it on level 2 of the Dungeon)
 z - a wand of digging (15)
   (You found it on level 5 of the Dungeon)
 B - a wand of flame (26)
   (You found it on level 5 of the Dungeon)
 E - a wand of paralysis (5)
   (You found it on level 6 of the Dungeon)
Scrolls
 g - 3 scrolls of amnesia
 j - a scroll of enchant armour
 k - 3 scrolls of blinking {unknown}
 l - a scroll of silence {unknown}
 m - 3 scrolls of revelation
 v - 2 scrolls of torment {!r}
 y - a scroll of fear {unknown}
 A - 4 scrolls of identify
 C - 2 scrolls of enchant weapon
 D - 3 scrolls of poison
 G - 2 scrolls of vulnerability {unknown}
 W - 2 scrolls of fog {unknown}
 Y - a scroll of summoning {unknown}
Potions
 a - 2 potions of cancellation {unknown}
 f - 2 potions of degeneration {unknown}
 i - 4 potions of heal wounds
 o - 2 potions of brilliance {unknown}
 p - 4 potions of magic {unknown}
 r - 6 potions of curing
 s - 4 potions of ambrosia {unknown}
 u - 4 potions of invisibility
 w - 3 potions of resistance
 J - 2 potions of haste {unknown}
 R - a potion of mutation {unknown}
 S - a potion of enlightenment {unknown}
 T - 2 potions of might {unknown}
 Z - a potion of attraction {unknown}
Miscellaneous
 b - a phial of floods
   (You found it on level 2 of the Lair of Beasts)
 H - a box of beasts
   (You found it on level 11 of the Dungeon)


   Skills:
 + Level 7.3 Fighting
 - Level 1.5 Dodging
 + Level 10.1 Shields
 + Level 11.7 Unarmed Combat
 + Level 9.0 Invocations
 + Level 12.7 Shapeshifting


You had 12 spell levels left.
You didn't know any spells.
Your spell library contained the following spells:

 Spells                   Type           Power      Damage    Failure   Level
 Summon Small Mammal      Summ           0%         N/A       75%         1
 Ensorcelled Hibernation  Hex/Ice        0%         N/A       86%         2
 Jinxbite                 Hex            0%         N/A       86%         2
 Call Canine Familiar     Summ           0%         N/A       98%         3
 Inner Flame              Hex/Fire       0%         N/A       98%         3
 Ozocubu's Armour         Ice            0%         N/A       98%         3
 Summon Guardian Golem    Hex/Summ       0%         N/A       98%         3
 Tukima's Dance           Hex            0%         N/A       98%         3
 Anguish                  Hex/Necr       0%         N/A       100%        4
 Cause Fear               Hex            0%         N/A       100%        4
 Flame Wave               Conj/Fire      0%         2d4       100%        4
 Passage of Golubria      Tloc           0%         N/A       100%        4
 Sticky Flame             Conj/Fire      0%         2d3       100%        4
 Alistair's Intoxication  Tmut/Pois      0%         N/A       100%        5
 Borgnjor's Vile Clutch   Necr/Erth      0%         N/A       100%        5
 Yara's Violent Unravell  Hex/Tmut       0%         3d3       100%        5
 Eringya's Noxious Bog    Tmut/Pois      0%         4d6       100%        6
 Enfeeble                 Hex            0%         N/A       100%        7
 Ozocubu's Refrigeration  Ice            0%         4d7       100%        7


Dungeon Overview and Level Annotations

Branches:
Dungeon (13/15)            Temple (1/1) D:6            Lair (3/5) D:8
 Shoals (0/4) Lair:2        Snake (0/4) Lair:2          Orc (0/2) D:9
  Sewer (visited)         Ossuary (visited)
 Vaults: D:13-14

Altars:
Ashenzari
Cheibriados
Dithmenos
Elyvilon
Fedhas
Gozag
Hepliaklqana
Kikubaaqudgha
Makhleb
Nemelex Xobeh
Okawaru
Qazlal
Ru
Sif Muna
Trog
Uskayaw
Vehumet
Wu Jian
Xom
Yredelemnul
Zin
The Shining One

Shops:
D:7 =   D:8 [[*((   D:10 [   D:11 (


Innate Abilities, Weirdness & Mutations

You are a hulking beast.
Your limbs bulge with bestial killing power. (Slay +4)
You are too large for most types of armour.
You have claws for hands.
Your natural rate of healing is unusually fast.
You are covered in fur. (AC +1)
You have tough skin. (AC +1)


Message History

The eight-headed hydra misses you. The eight-headed hydra bites you!
You block the eight-headed hydra's attack.
A water moccasin comes into view.
You take 16 damage, and have 89/124 hp.
You tear one of the eight-headed hydra's heads off!
The seven-headed hydra grows two more!
You mangle the nine-headed hydra!! The nine-headed hydra misses you.
The nine-headed hydra bites you.
You block the nine-headed hydra's attack.
The nine-headed hydra bites you!
The nine-headed hydra bites you but does no damage.
The nine-headed hydra bites you! The nine-headed hydra bites you.
You block the nine-headed hydra's attack.
The nine-headed hydra bites you.
You take 25 damage, and have 64/124 hp.
MASSIVE DAMAGE!!
You rip one of the nine-headed hydra's heads off!
The eight-headed hydra grows two more!
You claw the ten-headed hydra! The ten-headed hydra bites you!
The ten-headed hydra bites you.
The ten-headed hydra closely misses you.
The ten-headed hydra completely misses you.
You block the ten-headed hydra's attack. x2
The ten-headed hydra barely misses you.
The ten-headed hydra bites you but does no damage.
You block the ten-headed hydra's attack.
The ten-headed hydra bites you.
You take 10 damage, and have 54/124 hp.
You rip one of the ten-headed hydra's heads off!
The nine-headed hydra grows two more!
You mangle the 11-headed hydra!! You block the 11-headed hydra's attack.
The 11-headed hydra bites you but does no damage.
You block the 11-headed hydra's attack.
The 11-headed hydra bites you but does no damage.
You block the 11-headed hydra's attack. The 11-headed hydra misses you.
You block the 11-headed hydra's attack. The 11-headed hydra bites you. x2
You block the 11-headed hydra's attack.
The 11-headed hydra bites you but does no damage.
You take 6 damage, and have 48/124 hp.
Okay, then.
You block the water moccasin's attack.
There is a stone staircase leading up here.
You tear one of the 11-headed hydra's heads off!
The ten-headed hydra grows two more!
You claw the 12-headed hydra! You block the water moccasin's attack.
The 12-headed hydra bites you! You block the 12-headed hydra's attack.
The 12-headed hydra bites you but does no damage.
The 12-headed hydra barely misses you. You block the 12-headed hydra's attack.
The 12-headed hydra bites you. You block the 12-headed hydra's attack.
The 12-headed hydra bites you.
* * * LOW HITPOINT WARNING * * *
You block the 12-headed hydra's attack. The 12-headed hydra bites you.
* * * LOW HITPOINT WARNING * * *
The 12-headed hydra bites you!
* * * LOW HITPOINT WARNING * * *
The 12-headed hydra bites you but does no damage.
You take 25 damage, and have 26/124 hp.
MASSIVE DAMAGE!!
You tear one of the 12-headed hydra's heads off!
The 11-headed hydra grows two more!
You scratch the 13-headed hydra. You block the water moccasin's attack.
The 13-headed hydra misses you.
You block the 13-headed hydra's attack. x2
The 13-headed hydra bites you but does no damage.
You block the 13-headed hydra's attack. The 13-headed hydra closely misses you.
The 13-headed hydra bites you but does no damage. x2
The 13-headed hydra barely misses you.
The 13-headed hydra bites you but does no damage.
The 13-headed hydra bites you!
* * * LOW HITPOINT WARNING * * *
The 13-headed hydra bites you!
* * * LOW HITPOINT WARNING * * *
The 13-headed hydra bites you but does no damage.
You take 19 damage, and have 7/124 hp.
You feel much better. You block the water moccasin's attack.
The 13-headed hydra completely misses you.
You block the 13-headed hydra's attack. x2; The 13-headed hydra bites you.
* * * LOW HITPOINT WARNING * * *
The 13-headed hydra barely misses you. The 13-headed hydra bites you.
* * * LOW HITPOINT WARNING * * *
The 13-headed hydra bites you but does no damage.
You block the 13-headed hydra's attack. The 13-headed hydra bites you!
* * * LOW HITPOINT WARNING * * *
The 13-headed hydra bites you.
* * * LOW HITPOINT WARNING * * *
You block the 13-headed hydra's attack. The 13-headed hydra bites you.
* * * LOW HITPOINT WARNING * * *
The 13-headed hydra bites you!
* * * LOW HITPOINT WARNING * * *
You feel much better. You block the water moccasin's attack.
The water moccasin bites you but does no damage.
The 13-headed hydra is engulfed in freezing vapours.
The 13-headed hydra bites you but does no damage.
The 13-headed hydra misses you.
You block the 13-headed hydra's attack. x2
The 13-headed hydra completely misses you.
The 13-headed hydra closely misses you. You block the 13-headed hydra's attack.
The 13-headed hydra bites you!
* * * LOW HITPOINT WARNING * * *
You block the 13-headed hydra's attack. The 13-headed hydra misses you.
The 13-headed hydra bites you.
* * * LOW HITPOINT WARNING * * *
The 13-headed hydra bites you!
* * * LOW HITPOINT WARNING * * *
The 13-headed hydra bites you!
You die...

...... . ...
P..#..##. ..####
.#....#..##.....#.
..................
..................
..............#.#
.........°....P.#.
.....§.DS○........
......°h..........
.#########..P#...#
#########


You could see a 13-headed hydra and a water moccasin.

Vanquished Creatures
  Kirke (D:12)
  5 entropy weavers (D:11)
  Fannar (D:12)
  Erolcha (D:12)
  3 ghost crabs (D:11)
  Erica (Lair:1)
  A centaur warrior (D:12)
  Sonja (Lair:1)
  5 fire crabs
  A skyshark (Lair:2)
  Lodul (D:12)
  A skeletal warrior (D:12)
  4 ugly things
  2 manticores (D:12)
  5 cyclopes
  3 black mambas
  An apocalypse crab (D:11)
  6 cane toads
  3 gargoyles (D:12)
  A water nymph (Lair:2)
  A rime drake (Lair:2)
  2 unseen horrors (D:12)
  Psyche (D:9)
  A kobold demonologist (D:12)
  6 komodo dragons
  5 trolls (D:12)
  4 blink frogs (Lair:1)
  A hornet (D:8)
  Prince Ribbit (D:5)
  7 slime creatures
  2 wyverns
  3 vampires
  3 wraiths
  20 yaks
  7 hogs (D:12)
  3 steam dragons
  A basilisk (Lair:1)
  7 vampire mosquitoes
  4 nagas (Lair:2)
  2 acid dragons (D:12)
  A warg (D:9)
  9 water moccasins
  Duvessa (D:7)
  5 black bears
  4 orc warriors
  2 sky beasts
  5 wolves (Lair:2)
  6 centaurs
  8 ogres
  2 phantoms
  9 bullfrogs
  A gnoll sergeant (D:5)
  3 scorpions
  3 wights (D:8)
  Dowan (D:7)
  4 killer bees (D:9)
  6 howler monkeys
  A bullfrog zombie (D:4)
  A human zombie (Ossuary)
  6 orc priests
  4 hounds
  3 jellies
  A gnoll bouda (D:7)
  4 iguanas
  6 orc wizards
  2 mummies (Ossuary)
  12 gnolls
  11 adders
  A river rat (Sewer)
  2 white imps (D:7)
  2 ufetubi (D:5)
  4 adder zombies
  3 worms
  3 dart slugs
  21 orcs
  13 bats
  3 endoplasms
  2 giant cockroaches (D:1)
  8 goblins
  5 hobgoblins
  5 jackals (D:1)
  30 kobolds
  7 quokkas
  7 ball pythons
  2 frilled lizards (D:1)
  2 goblin zombies (Ossuary)
  14 hobgoblin zombies (Ossuary)
  7 kobold zombies (Ossuary)
  6 orc zombies (Ossuary)
  20 rats
  4 rat zombies (Ossuary)
420 creatures vanquished.

Vanquished Creatures (others)
  An orc wizard (D:10)
1 creature vanquished.

Grand Total: 421 creatures vanquished

Notes
Turn   | Place    | Note
-------+----------+-------------------------------------------
     0 | D:1      | Whiskey the Troll Shapeshifter began the quest for the Orb.
     0 | D:1      | Reached XP level 1. HP: 18/18 MP: 0/0
    63 | D:1      | Reached skill level 1 in Fighting
    95 | D:1      | Reached XP level 2. HP: 22/27 MP: 1/1
   374 | D:1      | Reached XP level 3. HP: 33/33 MP: 2/2
  2082 | D:3      | Reached skill level 4 in Shapeshifting
  2082 | D:3      | Reached XP level 4. HP: 41/41 MP: 3/3
  2711 | D:4      | Noticed an ogre
  2716 | D:4      | Killed an ogre
  2717 | D:4      | Reached skill level 2 in Fighting
  2717 | D:4      | Reached XP level 5. HP: 22/49 MP: 4/4
  2725 | D:4      | HP: 10/49 [worm (7)]
  2729 | D:4      | HP: 4/49 [worm (10)]
  2815 | D:4      | Reached skill level 4 in Unarmed Combat
  2847 | D:4      | Found a sand-covered staircase.
  2856 | Ossuary  | Entered an ossuary
  2981 | Ossuary  | Reached skill level 5 in Shapeshifting
  2987 | Ossuary  | Reached XP level 6. HP: 59/59 MP: 5/5
  3641 | D:4      | Found a basalt altar of Yredelemnul.
  3747 | D:5      | Entered Level 5 of the Dungeon
  3812 | D:5      | Reached skill level 3 in Fighting
  3812 | D:5      | Reached XP level 7. HP: 67/67 MP: 6/6
  3921 | D:5      | Reached skill level 6 in Shapeshifting
  3932 | D:5      | HP: 13/67 [gnoll/+0 flail[a gnoll sergeant] (9)]
  3937 | D:5      | HP: 5/67 [gnoll/+0 spear[a gnoll sergeant] (5)]
  3938 | D:5      | HP: 1/67 [gnoll/+0 spear[a gnoll sergeant] (5)]
  3940 | D:5      | Reached skill level 5 in Unarmed Combat
  4074 | D:5      | Noticed Prince Ribbit
  4086 | D:5      | Killed Prince Ribbit
  4087 | D:5      | Reached skill level 1 in Shields
  4087 | D:5      | Reached XP level 8. HP: 28/78 MP: 7/7
  4402 | D:5      | Found a shimmering altar of Xom.
  4418 | D:5      | Found a glowing golden altar of the Shining One.
  4438 | D:5      | Found a sacrificial altar of Ru.
  4477 | D:5      | Found a blossoming altar of Fedhas.
  4780 | D:6      | Reached skill level 7 in Shapeshifting
  4870 | D:6      | Reached skill level 2 in Shields
  4945 | D:6      | Found a staircase to the Ecumenical Temple.
  4958 | Temple   | Entered the Ecumenical Temple
  5031 | Temple   | Became a worshipper of Qazlal Stormbringer
  5169 | D:6      | Reached skill level 4 in Fighting
  5286 | D:6      | Reached skill level 6 in Unarmed Combat
  5298 | D:6      | Found a glowing drain.
  5334 | Sewer    | Entered a sewer
  5445 | Sewer    | Reached * piety under Qazlal
  5591 | Sewer    | Reached ** piety under Qazlal
  6156 | D:7      | Reached skill level 3 in Shields
  6290 | D:7      | Noticed Duvessa
  6290 | D:7      | Noticed Dowan
  6309 | D:7      | Killed Duvessa
  6310 | D:7      | Reached XP level 9. HP: 81/85 MP: 8/8
  6324 | D:7      | Killed Dowan
  6443 | D:7      | Reached skill level 4 in Shields
  6602 | D:7      | Identified the ring "Isanues" {rPois rF+ Str+3 Dex-3}
  6610 | D:7      | Reached skill level 8 in Shapeshifting
  6890 | D:7      | Found Limy Limp's Jewellery Emporium.
  6993 | D:8      | Found Axeagy's Weapon Emporium.
  7073 | D:8      | Reached skill level 5 in Fighting
  7073 | D:8      | Reached skill level 1 in Invocations
  7093 | D:8      | Noticed a cyclops
  7100 | D:8      | Killed a cyclops
  7101 | D:8      | Reached skill level 5 in Shields
  7101 | D:8      | You fall into a shaft and drop 2 floors!
  7101 | D:10     | Entered Level 10 of the Dungeon
  7166 | D:10     | Reached skill level 2 in Invocations
  7172 | D:10     | Reached skill level 7 in Unarmed Combat
  7432 | D:10     | Found Piric's Armour Shoppe.
  7458 | D:10     | Reached XP level 10. HP: 94/96 MP: 11/11
  7459 | D:10     | Reached *** piety under Qazlal
  7460 | D:10     | Reached skill level 3 in Invocations
  7851 | D:8      | Reached skill level 6 in Shields
  7851 | D:8      | Reached skill level 9 in Shapeshifting
  7980 | D:8      | Found a staircase to the Lair.
  8036 | D:8      | Found Vetha's Assorted Antiques.
  8042 | D:8      | Reached skill level 4 in Invocations
  8043 | D:8      | Reached skill level 8 in Unarmed Combat
  8105 | D:8      | Found Weivitof's Antique Armour Shop.
  8113 | D:8      | Bought a bloodstained robe for 114 gold pieces
  8113 | D:8      | Identified the +1 robe of Xikitusk {rElec rN+ MP+9 Stlth+}
                  | (You bought it in a shop on level 8 of the Dungeon)
  8113 | D:8      | Bought a shiny kite shield for 150 gold pieces
  8289 | D:8      | Found Plog's Weapon Emporium.
  8310 | D:8      | Found Ugaqom's Antique Armour Boutique.
  8318 | D:8      | Bought a glowing tower shield for 187 gold pieces
  8606 | D:9      | Noticed Psyche
  8814 | D:9      | Killed Psyche
  8881 | D:9      | Found a staircase to the Orcish Mines.
  9488 | D:11     | Reached skill level 5 in Invocations
  9497 | D:11     | Reached **** piety under Qazlal
  9498 | D:11     | Reached XP level 11. HP: 73/102 MP: 13/13
  9575 | D:11     | Reached skill level 7 in Shields
  9576 | D:11     | Found a runed translucent door.
  9865 | D:11     | Found Ryjuaf's Weapon Shop.
 10253 | D:11     | Noticed a fire crab
 10397 | D:11     | Killed a fire crab
 10421 | D:11     | Noticed a fire crab
 10427 | D:11     | Killed a fire crab
 10428 | D:11     | Reached skill level 10 in Shapeshifting
 10433 | D:11     | Noticed an entropy weaver
 10438 | D:11     | Killed an entropy weaver
 10439 | D:11     | Reached skill level 9 in Unarmed Combat
 10528 | D:11     | Noticed a fire crab
 10535 | D:11     | Killed a fire crab
 10541 | D:11     | Noticed a fire crab
 10553 | D:11     | Killed a fire crab
 10557 | D:11     | Noticed a fire crab
 10557 | D:11     | Noticed an entropy weaver
 10639 | D:10     | Killed a fire crab
 10695 | D:11     | HP: 24/102 [entropy weaver (13)]
 10695 | D:11     | HP: 3/102 [entropy weaver (11)]
 10700 | D:11     | HP: 25/102 [entropy weaver (5)]
 10821 | D:11     | Killed an entropy weaver
 10822 | D:11     | Reached skill level 6 in Invocations
 10916 | D:11     | Noticed an entropy weaver
 10924 | D:11     | Killed an entropy weaver
 10952 | D:11     | Noticed a ghost crab
 11026 | D:11     | Noticed a spectral anaconda
 11033 | D:11     | Killed a ghost crab
 11038 | D:11     | Noticed a ghost crab
 11059 | D:11     | Killed a ghost crab
 11060 | D:11     | Reached skill level 8 in Shields
 11060 | D:11     | Reached skill level 11 in Shapeshifting
 11098 | D:11     | Noticed an entropy weaver
 11102 | D:11     | Killed an entropy weaver
 11195 | D:11     | Noticed a ghost crab
 11205 | D:11     | Killed a ghost crab
 11206 | D:11     | Reached XP level 12. HP: 96/111 MP: 15/15
 11222 | D:11     | Noticed an entropy weaver
 11421 | D:11     | Killed an entropy weaver
 11604 | D:12     | Noticed Lodul
 11654 | D:11     | HP: 15/111 [ogre/+0 giant spiked club[Lodul] (19)]
 11754 | D:11     | Reached skill level 10 in Unarmed Combat
 11816 | D:12     | Killed Lodul
 11817 | D:12     | Reached skill level 7 in Invocations
 12093 | D:12     | Noticed Kirke
 12123 | D:12     | Killed Kirke
 12144 | D:12     | Noticed Fannar
 12152 | D:12     | Killed Fannar
 12412 | D:12     | Reached skill level 9 in Shields
 12438 | D:12     | HP: 24/113 [cyan ugly thing (14)]
 12511 | D:12     | Noticed Erolcha
 12520 | D:12     | Killed Erolcha
 12521 | D:12     | Reached skill level 6 in Fighting
 12573 | D:12     | Reached skill level 12 in Shapeshifting
 12795 | D:12     | Reached skill level 8 in Invocations
 12803 | D:12     | Reached XP level 13. HP: 82/120 MP: 18/18
 12860 | D:12     | HP: 24/120 [vampire mosquito (11)]
 12991 | D:12     | Reached skill level 11 in Unarmed Combat
 14100 | Lair:1   | Entered Level 1 of the Lair of Beasts
 14194 | Lair:1   | Noticed Sonja
 14217 | Lair:1   | Killed Sonja
 14306 | Lair:1   | Noticed Erica
 14316 | Lair:1   | Killed Erica
 15026 | Lair:2   | Reached skill level 7 in Fighting
 15204 | Lair:2   | Reached skill level 10 in Shields
 15272 | Lair:2   | Found a staircase to the Shoals.
 15430 | Lair:2   | Found a staircase to the Snake Pit.
 15440 | Lair:2   | Reached skill level 9 in Invocations
 15557 | Lair:2   | Identified the ring "Qorey" {EV+5 Int+3 Dex+4}
 16129 | Lair:3   | HP: 26/124 [12-headed hydra (7)]
 16130 | Lair:3   | HP: 7/124 [13-headed hydra (13)]
 16132 | Lair:3   | Mangled by a 13-headed hydra

Illustrated notes

Levels and vault maps discovered:
D:1:      kennysheep_arrival_seaside, layout_rooms
D:2:      layout_basic, shapermc_ecumenical_altar_petra, mrwooster_statue_mirror
D:3:      layout_basic, minmay_gold_behind_fungi
D:4:      layout_loops_ring, lemuel_zombie_altar_yredelemnul,
          mainiacjoe_ossuary_entry_dusty_tomb, chequers_serial_rivers_marsh
D:5:      layout_loops_ring, nicolae_overflow_quartered_altars,
          kennysheep_generic_room_15, uniq_prince_ribbit1
D:6:      layout_loops_cross, minmay_temple_entry_statues, portal_sewer_entry_a,
          st_stairs_5
D:7:      layout_basic, serial_glass, glass_columns_a, glass_columns_b,
          glass_columns_b, glass_columns_a, glass_columns_b, glass_columns_b,
          glass_columns_c, glass_columns_b, serial_shops, shop,
          kennysheep_generic_room_4, uniq_duvessa
D:8:      layout_basic, grunt_lair_entry_orc_guard_hut, serial_shops, shop,
          nicolae_shop_hallway_stairs, kennysheep_mini, shop, shop
D:9:      layout_roguey, david_orc_3, uniq_psyche
D:10:     layout_loops_ring, serial_shops, nicolae_shop_trees
D:11:     gammafunk_mikee_crab_dinner, layout_basic, serial_shops,
          nicolae_diamond_shop, serial_curves, eino_curves_02, eino_curves_02,
          eino_curves_02, eino_curves_04
D:12:     minmay_polygon_palace, layout_irregular_city, roderic_batcave,
          chequers_serial_rivers_large_b, uniq_fannar, uniq_kirke, uniq_erolcha,
          uniq_lodul
D:13:     layout_big_octagon, lightli_vaults_fourway_checkpoint
Temple:   minmay_temple_bridge_d
Lair:1:   layout_long_grid, hibernation_bobbens, uniq_erica, uniq_sonja
Lair:2:   layout_concentric_octagons, nicolae_shoals_entry_flooding,
          minmay_snake_entry_guardpost_small, serial_forest,
          infiniplex_forest_clump_diagonal, infiniplex_forest_straight_2,
          infiniplex_forest_lined_4_way, infiniplex_forest_straight_3,
          infiniplex_forest_lined_1, infiniplex_forest_end_3,
          infiniplex_forest_clump_curved, chequers_serial_rivers_marsh
Lair:3:   layout_long_grid, lemuel_fruit_tree, wad_woods_river_01

Skill      XL: |  1  2  3  4  5  6  7  8  9 10 11 12 13 |
---------------+----------------------------------------+-----
Fighting       | 1 2 3 4 5 6 7 |  7.3
Shapeshifting  | 4 5 6 7 8 9 11 12 | 12.7
Unarmed Combat | 4 5 6 7 8 9 10 11 | 11.7
Shields        | 1 3 5 6 8 9 10 | 10.1
Invocations    | 2 5 6 8 9 |  9.0
Dodging        | |  1.5

Action                     |  1- 3 |  4- 6 |  7- 9 | 10-12 | 13-15 || total
---------------------------+-------+-------+-------+-------+-------++-------
  Melee: Unarmed           |   111 |   158 |   326 |   541 |   287 ||  1423
         Punch             |     1 |     3 |     2 |       |       ||     6
 Invoke: Upheaval          |       |       |       |    18 |     4 ||    22
  Evoke: Wand              |       |       |       |     8 |       ||     8
         Box of beasts     |       |       |       |     1 |       ||     1
    Use: Scroll            |       |       |       |    17 |       ||    17
         Potion            |       |       |       |     7 |     2 ||     9
   Stab: Paralysed         |       |       |       |     7 |       ||     7
 Armour: Animal skin       |    79 |    81 |   179 |       |       ||   339
         Steam dragon scal |       |       |    55 |   243 |       ||   298
         Robe              |       |       |       |    37 |       ||    37
         Troll leather arm |       |       |       |   116 |    35 ||   151
         Acid dragon scale |       |       |       |       |   138 ||   138
  Dodge: Dodged            |    50 |    40 |   113 |   173 |    79 ||   455
         Repelled          |       |       |       |     1 |     1 ||     2
  Block: Kite shield       |       |       |   135 |    37 |       ||   172
         Tower shield      |       |       |       |   411 |   300 ||   711
   Form: Beast             |       |       |     1 |       |       ||     1
         Flux              |       |       |     1 |       |       ||     1

Table legend: (Time is in decaauts)
 A = Elapsed time spent in this place.
 B = Non-inter-level travel time spent in this place.
 C = Inter-level travel time spent in this place.
 D = Time resting spent in this place.
 E = Time spent auto-exploring this place.
 F = Levels seen in this place.
 G = Mean time per level.
                   A        B        C        D        E       F      G
               +--------+--------+--------+--------+--------+-----+--------+
         Total |  16114 |  15060 |   1054 |   1508 |  10076 |  19 |  848.1 |
       Dungeon |  13199 |  12357 |    842 |   1332 |   8228 |  13 | 1015.3 |
        Temple |    146 |      2 |    144 |      0 |      0 |   1 |  146.0 |
          Lair |   2021 |   1953 |     68 |    162 |   1394 |   3 |  673.7 |
         Sewer |    502 |    502 |      0 |      0 |    360 |   1 |  502.0 |
       Ossuary |    243 |    243 |      0 |     14 |     94 |   1 |  243.0 |
               +--------+--------+--------+--------+--------+-----+--------+

Top non-repeatable levels by time:
    D:11: 2369 daAuts
    D:12: 1996 daAuts
     D:8: 1160 daAuts
  Lair:2: 1112 daAuts
     D:2: 1071 daAuts
     D:5: 1041 daAuts
     D:3: 953 daAuts
     D:7: 906 daAuts
  Lair:1: 884 daAuts
     D:4: 816 daAuts
    D:10: 782 daAuts
     D:6: 735 daAuts
     D:1: 676 daAuts
     D:9: 661 daAuts
   Sewer: 502 daAuts

Levels and vault maps discovered:
D:1:      kennysheep_arrival_seaside, layout_rooms
D:2:      layout_basic, shapermc_ecumenical_altar_petra, mrwooster_statue_mirror
D:3:      layout_basic, minmay_gold_behind_fungi
D:4:      layout_loops_ring, lemuel_zombie_altar_yredelemnul,
          mainiacjoe_ossuary_entry_dusty_tomb, chequers_serial_rivers_marsh
D:5:      layout_loops_ring, nicolae_overflow_quartered_altars,
          kennysheep_generic_room_15, uniq_prince_ribbit1
D:6:      layout_loops_cross, minmay_temple_entry_statues, portal_sewer_entry_a,
          st_stairs_5
D:7:      layout_basic, serial_glass, glass_columns_a, glass_columns_b,
          glass_columns_b, glass_columns_a, glass_columns_b, glass_columns_b,
          glass_columns_c, glass_columns_b, serial_shops, shop,
          kennysheep_generic_room_4, uniq_duvessa
D:8:      layout_basic, grunt_lair_entry_orc_guard_hut, serial_shops, shop,
          nicolae_shop_hallway_stairs, kennysheep_mini, shop, shop
D:9:      layout_roguey, david_orc_3, uniq_psyche
D:10:     layout_loops_ring, serial_shops, nicolae_shop_trees
D:11:     gammafunk_mikee_crab_dinner, layout_basic, serial_shops,
          nicolae_diamond_shop, serial_curves, eino_curves_02, eino_curves_02,
          eino_curves_02, eino_curves_04
D:12:     minmay_polygon_palace, layout_irregular_city, roderic_batcave,
          chequers_serial_rivers_large_b, uniq_fannar, uniq_kirke, uniq_erolcha,
          uniq_lodul
D:13:     layout_big_octagon, lightli_vaults_fourway_checkpoint
Temple:   minmay_temple_bridge_d
Lair:1:   layout_long_grid, hibernation_bobbens, uniq_erica, uniq_sonja
Lair:2:   layout_concentric_octagons, nicolae_shoals_entry_flooding,
          minmay_snake_entry_guardpost_small, serial_forest,
          infiniplex_forest_clump_diagonal, infiniplex_forest_straight_2,
          infiniplex_forest_lined_4_way, infiniplex_forest_straight_3,
          infiniplex_forest_lined_1, infiniplex_forest_end_3,
          infiniplex_forest_clump_curved, chequers_serial_rivers_marsh
Lair:3:   layout_long_grid, lemuel_fruit_tree, wad_woods_river_01

Table legend: (Time is in decaauts)
 A = Elapsed time spent in this place.
 B = Non-inter-level travel time spent in this place.
 C = Inter-level travel time spent in this place.
 D = Time resting spent in this place.
 E = Time spent auto-exploring this place.
 F = Levels seen in this place.
 G = Mean time per level.
                   A        B        C        D        E       F      G
               +--------+--------+--------+--------+--------+-----+--------+
         Total |  16114 |  15060 |   1054 |   1508 |  10076 |  19 |  848.1 |
       Dungeon |  13199 |  12357 |    842 |   1332 |   8228 |  13 | 1015.3 |
        Temple |    146 |      2 |    144 |      0 |      0 |   1 |  146.0 |
          Lair |   2021 |   1953 |     68 |    162 |   1394 |   3 |  673.7 |
         Sewer |    502 |    502 |      0 |      0 |    360 |   1 |  502.0 |
       Ossuary |    243 |    243 |      0 |     14 |     94 |   1 |  243.0 |
               +--------+--------+--------+--------+--------+-----+--------+

Top non-repeatable levels by time:
    D:11: 2369 daAuts
    D:12: 1996 daAuts
     D:8: 1160 daAuts
  Lair:2: 1112 daAuts
     D:2: 1071 daAuts
     D:5: 1041 daAuts
     D:3: 953 daAuts
     D:7: 906 daAuts
  Lair:1: 884 daAuts
     D:4: 816 daAuts
    D:10: 782 daAuts
     D:6: 735 daAuts
     D:1: 676 daAuts
     D:9: 661 daAuts
   Sewer: 502 daAuts

Table legend:
 A = Kills in this place as a percentage of kills in the entire game.
 B = Kills by you in this place as a percentage of kills by you in the entire game.
 C = Kills by friends in this place as a percentage of kills by friends in the entire game.
 D = Other kills in this place as a percentage of other kills in the entire game.
 E = Experience gained in this place as a percentage of experience gained in the entire game.
 F = Experience gained in this place divided by the number of levels of this place that you have seen.
                   A       B       C       D       E      F
               +-------+-------+-------+-------+-------+----------------------
         Total | 100.0 | 100.0 |   N/A | 100.0 | 100.0 | 3120.2
       Dungeon |  67.7 |  67.6 |   N/A | 100.0 |  74.9 | 3415.8
          Lair |  12.6 |  12.6 |   N/A |   0.0 |  24.7 | 4884.7
         Sewer |  10.5 |  10.5 |   N/A |   0.0 |   0.2 |  94.0
       Ossuary |   9.3 |   9.3 |   N/A |   0.0 |   0.2 | 130.0
               +-------+-------+-------+-------+-------+----------------------
